 Dungeon Crawl Stone Soup version 0.21.1-1-g345015f (webtiles) character file.

56 inc the Sneak (level 3, 14/14 HPs)
             Began as a Felid Enchanter on June 16, 2018.
             Quit the game on level 3 of the Dungeon.
             The game lasted 00:05:08 (3908 turns).

inc the Sneak (Felid Enchanter)                     Turns: 3908, Time: 00:05:08

Health: 14/14      AC:  1    Str:  4    XL:     3   Next: 69%
Magic:  7/7        EV: 18    Int: 17    God:
Gold:   90         SH:  0    Dex: 16    Spells: 3/6 levels left
                                        Lives:  0   Deaths: 1

rFire    . . .     SeeInvis +     - Unarmed
rCold    . . .     Gourm    .   (shield unavailable)
rNeg     . . .     Faith    .   (armour unavailable)
rPois    .         Spirit   .   (helmet unavailable)
rElec    .         Reflect  .   (cloak unavailable)
rCorr    .         Harm     .   (gloves unavailable)
MR       .....                  (boots unavailable)
Stlth    ++++......             (no amulet)
HPRegen  0.04/turn              (no ring)
MPRegen  0.10/turn              (no ring)

@: quick
A: very small, no armour, no weapons or thrown items, stealth, claws 1, fangs 3,
see invisible, carnivore, speed 1, shaggy fur 1, slow metabolism 1, sharp paws
a: no special abilities


You were on level 3 of the Dungeon.
You were not hungry.

You visited 1 branch of the dungeon, and saw 3 of its levels.

You collected 90 gold pieces.

Inventory:

Jewellery
 d - an uncursed ring of protection from magic {unknown}
 l - an uncursed ring of stealth {unknown}
Scrolls
 e - a scroll of enchant weapon {unknown}
 f - 3 scrolls of teleportation {unknown}
 h - 3 scrolls of remove curse {unknown}
Potions
 c - 3 potions of might {unknown}
 g - a potion of berserk rage {unknown}
 i - a potion of magic {unknown}
 j - a potion of curing {unknown}
 k - a potion of heal wounds {unknown}
Books
 a - a book of Maledictions

   Spells                             Type                      Level
   a - Corona                         Hexes                        1
   b - Ensorcelled Hibernation        Hexes/Ice                    2
   c - Confuse                        Hexes                        3
   d - Tukima's Dance                 Hexes                        3
   e - Dazzling Spray                 Conjuration/Hexes            3
Comestibles
 b - 6 rations


   Skills:
 - Level 2.6 Dodging
 - Level 7.4 Stealth
 - Level 1.0 Unarmed Combat
 - Level 2.0 Spellcasting
 + Level 4.6 Hexes
 + Level 0.6 Ice Magic


You had 3 spell levels left.
You knew the following spells:

 Your Spells              Type           Power        Failure   Level  Hunger
a - Corona                Hex            ###....      2%          1    #......
b - Ensorcelled Hibernat  Hex/Ice        ##....       10%         2    ###....


Dungeon Overview and Level Annotations

Branches:
Dungeon (3/15)

Altars:
Xom


Innate Abilities, Weirdness & Mutations

You cannot wear armour.
You are incapable of wielding weapons or throwing items.
Your paws allow you to move quietly. (Stealth)
You have sharp claws.
You have razor-sharp teeth.
You have supernaturally acute eyesight. (SInv)
You are carnivorous and can eat meat at any time.
You cover ground quickly.
You are covered in fur. (AC +1)
You have a slow metabolism.
Your sharp claws are effective at attacking unaware monsters.


Message History

The orc priest calls down the wrath of Beogh upon you.
Beogh smites you!
Ouch! That really hurt!
Casting: Ensorcelled Hibernation
Confirm with . or Enter, or press ? or * to list all spells.
You don't have enough magic to cast that spell.
Casting: Ensorcelled Hibernation
Confirm with . or Enter, or press ? or * to list all spells.
Aiming: Ensorcelled Hibernation
Press: ? - help, Shift-Dir - straight line, f/p - orc priest
Aim: an orc priest, wielding a flail (chance to defeat MR: 41%)
The orc priest resists with some effort.
The orc priest calls down the wrath of Beogh upon you.
Beogh smites you!
Ouch! That really hurt!
You die...
You are now level 3!
You rejoin the land of the living...
Found a stone staircase leading down.
Are you sure you want to abandon this character and quit the game? (Confirm with "yes".)

#.........
##..........#
#..........#
#..........#
#..........+
..........#
.>^.......#
..........#
.......@..#
..........#
###########


There were no monsters in sight!

Vanquished Creatures
  An orc priest (D:3)
  3 adders
  2 oozes
  A worm (D:2)
  A leopard gecko (D:2)
  5 orcs (D:3)
  2 giant cockroaches
  4 goblins
  5 hobgoblins
  2 jackals (D:3)
  2 quokkas (D:3)
  6 bats
  2 frilled lizards
  3 kobolds
  7 rats
46 creatures vanquished.

Notes
Turn   | Place    | Note
-------+----------+-------------------------------------------
     0 | D:1      | inc the Felid Enchanter began the quest for the Orb.
     0 | D:1      | Reached XP level 1. HP: 7/7 MP: 4/4
   250 | D:1      | Reached XP level 2. HP: 11/11 MP: 6/6
   353 | D:1      | Reached skill level 5 in Stealth
   895 | D:1      | Learned a level 2 spell: Ensorcelled Hibernation
  1718 | D:2      | Reached XP level 3. HP: 14/14 MP: 7/7
  1731 | D:2      | Reached skill level 6 in Stealth
  1755 | D:2      | Found a shimmering altar of Xom.
  1757 | D:2      | Found a shimmering altar of Xom.
  1758 | D:2      | Found a shimmering altar of Xom.
  1758 | D:2      | Found a shimmering altar of Xom.
  2814 | D:3      | Reached XP level 4. HP: 9/18 MP: 5/8
  2885 | D:3      | Reached skill level 7 in Stealth
  3907 | D:3      | Killed from afar by an orc priest
  3908 | D:3      | Reached XP level 3. HP: -2/14 MP: 0/7
  3908 | D:3      | Quit the game

Skill      XL: |  1  2  3  4 |
---------------+-------------+-----
Stealth        | 5 6 7 |  7.4
Dodging        | |  2.6
Unarmed Combat | |  1.0
Spellcasting   | |  2.0
Hexes          | |  4.6
Ice Magic      | |  0.6

Action                   |  1- 3 |  4- 6 || total
-------------------------+-------+-------++-------
Melee: Unarmed           |    85 |    18 ||   103
       Bite              |     1 |       ||     1
 Cast: Ensorcelled Hiber |    19 |    21 ||    40
 Stab: Sleeping          |    24 |    10 ||    34
  Eat: Chunk             |     3 |     5 ||     8
Armor: Skin              |     8 |       ||     8
Dodge: Dodged            |    57 |    14 ||    71
